 Dungeon Crawl Stone Soup version 0.25.1-2-g60ff931df9 (webtiles) character file.

Game seed: 8419225353406317615

1012 Ivernyr the Ruffian (level 8, -13/68 HPs)
             Began as a Troll Transmuter on Oct 14, 2020.
             Was an Initiate of Cheibriados.
             Mangled by an orc warrior
             ... wielding a +0 war axe
              (17 damage)
             ... on level 5 of the Dungeon.
             The game lasted 00:10:07 (3864 turns).

Ivernyr the Ruffian (Troll Transmuter)              Turns: 3864, Time: 00:10:08

Health: -13/68     AC:  6    Str: 20    XL:     8   Next: 1%
Magic:  18/20      EV: 10    Int: 12    God:    Cheibriados [......]
Gold:   179        SH:  0    Dex: 11    Spells: 9/12 levels left

rFire    x . .     SeeInvis .     - Unarmed
rCold    + . .     Gourm    +   (no shield)
rNeg     . . .     Faith    .   b - +0 robe
rPois    .         Spirit   .   (helmet restricted)
rElec    .         Reflect  .   (no cloak)
rCorr    .         Harm     .   (gloves unavailable)
MR       .....                  (boots unavailable)
Stlth    +.........             (no amulet)
HPRegen  0.61/turn              e - ring of ice
MPRegen  0.17/turn              t - ring of magical power

@: very slightly contaminated, drained, very slow
A: large, unfitting armour, claws 3, fast metabolism 3, gourmand, regeneration
1, shaggy fur 1, tough skin 3
a: Bend Time, Renounce Religion


You were on level 5 of the Dungeon.
You worshipped Cheibriados.
Cheibriados was noncommittal.
You were very full.

You visited 2 branches of the dungeon, and saw 6 of its levels.
You also visited: Sewer.

You collected 179 gold pieces.

Inventory:

Missiles
 a - 33 arrows
 j - 21 poisoned darts (quivered)
Armour
 b - a +0 robe (worn)
Jewellery
 e - a ring of ice (left claw)
 t - a ring of magical power (right claw)
Wands
 p - a wand of disintegration (3)
Scrolls
 c - 2 scrolls of identify {unknown}
 f - 4 scrolls of teleportation {unknown}
 i - 5 scrolls of remove curse {unknown}
 l - 5 scrolls of enchant armour {unknown}
 n - a scroll of magic mapping {unknown}
 o - a scroll of fog {unknown}
 r - a scroll of immolation {unknown}
Potions
 g - a potion of curing {unknown}
 h - a potion of stabbing {unknown}
 k - a potion of magic
 m - a potion of invisibility {unknown}
 q - a potion of brilliance {unknown}
 s - a potion of heal wounds {unknown}
 v - a potion of degeneration {unknown}
 w - a potion of flight {unknown}
Comestibles
 d - 12 rations
 u - a chunk of flesh


   Skills:
 - Level 0.7(0.0) Fighting
 + Level 3.7(2.7) Dodging
 + Level 5.1(4.1) Unarmed Combat
 + Level 2.8(1.8) Spellcasting
 * Level 4.6(3.6) Transmutations


You had 9 spell levels left.
You knew the following spells:

 Your Spells              Type           Power        Failure   Level  Hunger
a - Beastly Appendage     Tmut           #.....       6%          1    ##.....
b - Sticks to Snakes      Tmut           #.......     10%         2    ###....

Your spell library contained the following spells:

 Spells                   Type           Power        Failure   Level  Hunger
 Spider Form              Tmut/Pois      #.........   36%         3    ####...
 Ice Form                 Ice/Tmut       #.......     78%         4    #####..
 Blade Hands              Tmut           #.........   86%         5    ######.


Dungeon Overview and Level Annotations

Branches:
Dungeon (5/15)             Temple (1/1) D:4           Sewer (visited)

Altars:
Cheibriados
Dithmenos
Elyvilon
Fedhas
Kikubaaqudgha
Makhleb
Qazlal
Sif Muna
Trog
Uskayaw


Innate Abilities, Weirdness & Mutations

You are too large for most types of armour.
You have claws for hands.
Your metabolism is lightning-fast.
You like to eat raw meat.
Your natural rate of healing is unusually fast.
You are covered in fur. (AC +1)
You have extremely tough skin. (AC +3)


Message History

You closely miss the orc warrior.
The orc warrior is moderately wounded.
The orc warrior hits you with a +0 war axe.
You scratch the orc warrior.
The orc warrior is heavily wounded.
The orc warrior hits you with a +0 war axe!
* * * LOW HITPOINT WARNING * * *
You scratch the orc warrior.
The orc warrior is severely wounded.
The orc warrior hits you with a +0 war axe!
* * * LOW HITPOINT WARNING * * *
It was a potion of magic.
Magic courses through your body.
A bullfrog skeleton comes into view.
Casting: Sticks to Snakes (safe; 10% risk of failure)
Confirm with . or Enter, or press ? or * to list all spells.
You miscast Sticks to Snakes.
You are very lightly contaminated with residual magic.
Nothing appears to happen.
The orc warrior hits you with a +0 war axe!
You die...

#>#.######
#.#..†...##
#.######..##
#.# ##..# #.#
##.## #.#
#..## #.
##Z.##
##?.#######...
##..o@...w...
#########...


You could see an orc warrior, a dart slug and a bullfrog skeleton.

Vanquished Creatures
  7 big kobolds (Sewer)
  A bullfrog (D:3)
  A water moccasin skeleton (D:4)
  A howler monkey (D:4)
  A bullfrog skeleton (D:5)
  An orc wizard (D:4)
  Ijyb (D:3)
  An iguana (D:5)
  A worker ant (D:4)
  11 adders
  2 river rats (Sewer)
  2 oozes (Sewer)
  An adder skeleton (D:3)
  3 worms (Sewer)
  3 dart slugs
  3 leopard geckos
  7 orcs
  3 ball pythons
  5 giant cockroaches
  7 goblins
  8 hobgoblins
  5 jackals
  12 kobolds
  A quokka (D:2)
  10 bats
  4 frilled lizards
  9 rats
111 creatures vanquished.

Vanquished Creatures (collateral kills)
  A jackal (D:5)
1 creature vanquished.

Grand Total: 112 creatures vanquished

Notes
Turn   | Place    | Note
-------+----------+-------------------------------------------
     0 | D:1      | Ivernyr the Troll Transmuter began the quest for the Orb.
     0 | D:1      | Reached XP level 1. HP: 18/18 MP: 1/1
   169 | D:1      | Reached XP level 2. HP: 24/26 MP: 3/3
   202 | D:1      | Learned a level 2 spell: Sticks to Snakes
   789 | D:2      | Reached XP level 3. HP: 31/32 MP: 4/4
  1195 | D:2      | Reached XP level 4. HP: 32/40 MP: 5/5
  1528 | D:3      | Noticed a bullfrog
  1538 | D:3      | Killed a bullfrog
  1538 | D:3      | Reached XP level 5. HP: 34/46 MP: 6/6
  1952 | D:3      | Found a glowing drain.
  2109 | Sewer    | Entered a sewer
  2226 | Sewer    | Reached skill level 4 in Unarmed Combat
  2226 | Sewer    | Reached XP level 6. HP: 46/54 MP: 6/8
  2563 | Sewer    | Reached XP level 7. HP: 55/61 MP: 9/9
  2984 | D:3      | Noticed Ijyb
  2999 | D:3      | Killed Ijyb
  3413 | D:4      | Found a staircase to the Ecumenical Temple.
  3437 | Temple   | Entered the Ecumenical Temple
  3445 | Temple   | Became a worshipper of Cheibriados the Contemplative
  3646 | D:4      | Reached skill level 5 in Unarmed Combat
  3760 | D:5      | Entered Level 5 of the Dungeon
  3785 | D:5      | Reached XP level 8. HP: 54/68 MP: 11/11
  3862 | D:5      | HP: 3/68 [orc warrior/+0 war axe (11)]
  3864 | D:5      | Mangled by an orc warrior

Illustrated notes

Levels and vault maps discovered:
D:1:      nzn_arrival_settlement, layout_loops_ring
D:2:      layout_loops_ring, kennysheep_big_empty_room, st_stairs_4
D:3:      layout_loops_corners, gup_sewer_entry_glass, serial_glass,
          glass_columns_a, glass_columns_b, glass_columns_c, glass_columns_b,
          grunt_decor_fettered, bh_walls_and_bars, uniq_ijyb
D:4:      layout_basic, minmay_temple_entry_grid
D:5:      layout_rooms, first_ration, serial_shops, shop_fountains
Temple:   compressed_dpeg_triangle_lava_temple

Skill      XL: |  1  2  3  4  5  6  7 |
---------------+----------------------+-----
Transmutations | 2 3 4 |  4.6
Dodging        | 2 3 |  3.7
Unarmed Combat | 4 5 |  5.1
Spellcasting   | 2 |  2.8
Fighting       | |  0.7

Action                   |  1- 3 |  4- 6 |  7- 9 || total
-------------------------+-------+-------+-------++-------
Melee: Unarmed           |   112 |   143 |   171 ||   426
       Punch             |     1 |       |       ||     1
Throw: Dart              |     2 |       |       ||     2
 Cast: Sticks to Snakes  |       |       |     2 ||     2
  Use: Potion            |       |       |     1 ||     1
  Eat: Chunk             |    16 |    12 |    14 ||    42
Armor: Robe              |    46 |    56 |    49 ||   151
Dodge: Dodged            |    56 |    63 |    77 ||   196
